BLB
SANTO DOMINGO RUM RUNNERS @ HARTFORD WHALERS
05/02/2060
 
TOP OF THE 1ST
Santo Domingo Rum Runners batting - Pitching for Hartford Whalers : LHP James Sisson
Pitching: LHP James Sisson
Batting: RHB Payton Weinberg 0-0: Ball
1-0: Swinging Strike
1-1: Swinging Strike
1-2: Ball
2-2: Ball
3-2: Foul Ball, location: 2F
3-2: Foul Ball, location: 2F
3-2: Foul Ball, location: 2F
3-2: Base on Balls
Batting: RHB Devain Ecevit 0-0: Ball
1-0: Foul Ball, location: 2F
1-1: Called Strike
1-2: DOUBLE (Line Drive, 7LD, EV 111.9 MPH)
Payton Weinberg to third
Batting: RHB Tommie Adamson 0-0: Called Strike
0-1: Foul Ball, location: 2F
0-2: Ground out 6-3 (Groundball, 6S, EV 83.1 MPH)
Payton Weinberg scores
Batting: LHB Ronald Anderson 0-0: Foul Ball, location: 2F
0-1: Swinging Strike
0-2: Foul Ball, location: 2F
0-2: Strikes out swinging
Batting: LHB Larry Collier 0-0: Foul Ball, location: 2F
0-1: Reached on error, E3 (Groundball, 34S, EV 80.6 MPH)
Devain Ecevit to third
Batting: LHB Kolby Carter 0-0: Ground out 3-1 (Groundball, 34S, EV 78.8 MPH)
Top of the 1st over - 1 run, 1 hit, 1 error, 2 left on base; Santo Domingo 1 - Hartford 0
BOTTOM OF THE 1ST
Hartford Whalers batting - Pitching for Santo Domingo Rum Runners : RHP Marc Carlson
Pitching: RHP Marc Carlson
Batting: LHB Gene Grimes 0-0: Ground out 4-3 (Groundball, 4, EV 81.9 MPH)
Batting: RHB Zyaire Semijenov 0-0: Ground out 4-3 (Groundball, 4, EV 101.9 MPH)
Batting: SHB JaQawn Schiegl 0-0: Ball
1-0: Ball
2-0: Swinging Strike
2-1: Swinging Strike
2-2: SINGLE (Groundball, 4MD, EV 95.6 MPH)
Batting: LHB Ian Schreiber 0-0: Ball
1-0: Foul Ball, location: 2F
1-1: Foul Ball, location: 2F
1-2: Ball
2-2: Fielders Choice at 2nd, 5-4 (Groundball, 56, EV 91.2 MPH)
Bottom of the 1st over - 0 runs, 1 hit, 0 errors, 1 left on base; Santo Domingo 1 - Hartford 0
TOP OF THE 2ND
Santo Domingo Rum Runners batting - Pitching for Hartford Whalers : LHP James Sisson
Batting: RHB Brian Lemon 0-0: Called Strike
0-1: Swinging Strike
0-2: Strikes out swinging
Batting: LHB Tom Ho 0-0: Ball
1-0: Swinging Strike
1-1: Swinging Strike
1-2: Foul Ball, location: 2F
1-2: Foul Ball, location: 2F
1-2: SINGLE (Groundball, 6MD, EV 101.2 MPH)
Batting: RHB Andy Wood 0-0: Ball
1-0: Called Strike
1-1: Called Strike
1-2: Grounds into double play, 4-6-3 (Groundball, 4S, EV 88.8 MPH)
Top of the 2nd over - 0 runs, 1 hit, 0 errors, 0 left on base; Santo Domingo 1 - Hartford 0
BOTTOM OF THE 2ND
Hartford Whalers batting - Pitching for Santo Domingo Rum Runners : RHP Marc Carlson
Batting: LHB Amric Robinson 0-0: Ball
1-0: Ball
2-0: Called Strike
2-1: Ball
3-1: Foul Ball, location: 2F
3-2: Ground out 4-3 (Groundball, 4, EV 86.2 MPH)
Batting: RHB Wyatt McKenney 0-0: Ball
1-0: Foul Ball, location: 2F
1-1: Called Strike
1-2: Ball
2-2: Strikes out looking
Batting: LHB Houston Yap 0-0: SINGLE (Groundball, 56D, EV 93.8 MPH)
Batting: RHB Reilly Wren 0-0: Ball
1-0: Called Strike
1-1: Ground out 4-3 (Groundball, 4, EV 80.6 MPH)
Bottom of the 2nd over - 0 runs, 1 hit, 0 errors, 1 left on base; Santo Domingo 1 - Hartford 0
TOP OF THE 3RD
Santo Domingo Rum Runners batting - Pitching for Hartford Whalers : LHP James Sisson
Batting: RHB Payton Weinberg 0-0: Ball
1-0: Ball
2-0: Called Strike
2-1: Foul Ball, location: 2F
2-2: Strikes out swinging
Batting: RHB Devain Ecevit 0-0: Fly out, F7 (Line Drive, 7, EV 89.4 MPH)
Batting: RHB Tommie Adamson 0-0: Ground out 5-3 (Groundball, 5, EV 83.1 MPH)
Top of the 3rd over - 0 runs, 0 hits, 0 errors, 0 left on base; Santo Domingo 1 - Hartford 0
BOTTOM OF THE 3RD
Hartford Whalers batting - Pitching for Santo Domingo Rum Runners : RHP Marc Carlson
Batting: LHB Dalton Winger 0-0: Ball
1-0: Swinging Strike
1-1: Ball
2-1: Swinging Strike
2-2: Foul Ball, location: 2F
2-2: Ball
3-2: Foul Ball, location: 2F
3-2: Strikes out looking
Batting: LHB Gene Grimes 0-0: Ball
1-0: Ball
2-0: Swinging Strike
2-1: Called Strike
2-2: Foul Ball, location: 2F
2-2: Strikes out swinging
Batting: RHB Zyaire Semijenov 0-0: Called Strike
0-1: Ball
1-1: Swinging Strike
1-2: Strikes out swinging
Bottom of the 3rd over - 0 runs, 0 hits, 0 errors, 0 left on base; Santo Domingo 1 - Hartford 0
TOP OF THE 4TH
Santo Domingo Rum Runners batting - Pitching for Hartford Whalers : LHP James Sisson
Batting: LHB Ronald Anderson 0-0: Ground out 6-3 (Groundball, 6, EV 110.0 MPH)
Batting: LHB Larry Collier 0-0: Called Strike
0-1: Ball
1-1: Ball
2-1: Foul Ball, location: 2F
2-2: Foul Ball, location: 2F
2-2: Ground out 4-3 (Groundball, 4D, EV 101.2 MPH)
Batting: LHB Kolby Carter 0-0: Called Strike
0-1: Ball
1-1: Ball
2-1: Called Strike
2-2: Strikes out looking
Top of the 4th over - 0 runs, 0 hits, 0 errors, 0 left on base; Santo Domingo 1 - Hartford 0
BOTTOM OF THE 4TH
Hartford Whalers batting - Pitching for Santo Domingo Rum Runners : RHP Marc Carlson
Batting: SHB JaQawn Schiegl 0-0: Ground out 4-3 (Groundball, 4, EV 98.1 MPH)
Batting: LHB Ian Schreiber 0-0: Called Strike
0-1: Ball
1-1: Called Strike
1-2: Strikes out swinging
Batting: LHB Amric Robinson 0-0: Swinging Strike
0-1: Foul Ball, location: 2F
0-2: Strikes out swinging
Bottom of the 4th over - 0 runs, 0 hits, 0 errors, 0 left on base; Santo Domingo 1 - Hartford 0
TOP OF THE 5TH
Santo Domingo Rum Runners batting - Pitching for Hartford Whalers : LHP James Sisson
Batting: RHB Brian Lemon 0-0: Fly out, F9 (Flyball, 9S, EV 85.0 MPH)
Batting: LHB Tom Ho 0-0: Ground out 4-3 (Groundball, 4, EV 82.5 MPH)
Batting: RHB Andy Wood 0-0: Called Strike
0-1: Foul Ball, location: 2F
0-2: Strikes out swinging
Top of the 5th over - 0 runs, 0 hits, 0 errors, 0 left on base; Santo Domingo 1 - Hartford 0
BOTTOM OF THE 5TH
Hartford Whalers batting - Pitching for Santo Domingo Rum Runners : RHP Marc Carlson
Batting: RHB Wyatt McKenney 0-0: Ball
1-0: Ball
2-0: Ball
3-0: Base on Balls
Batting: LHB Houston Yap 0-0: Ball
1-0: Ball
2-0: Sac Bunt to 15S - play at first, batter OUT! 1-3
Wyatt McKenney to second
Batting: RHB Reilly Wren 0-0: Ball
1-0: SINGLE (Groundball, 6, EV 103.1 MPH)
Wyatt McKenney to third
Runner from 3rd tries for Home, SAFE, throw by CF to home
Reilly Wren to second
Batting: LHB Dalton Winger 0-0: Ball
1-0: Swinging Strike
1-1: Swinging Strike
1-2: Ball
2-2: Ball
3-2: SINGLE (Groundball, 34D, EV 99.4 MPH)
Reilly Wren to third
Runner from 3rd tries for Home, SAFE, throw by RF to home
Batting: LHB Gene Grimes 0-0: Ball
1-0: Foul Ball, location: 2F
1-1: Ball
2-1: Foul Ball, location: 2F
2-2: Foul Ball, location: 2F
2-2: SINGLE (Groundball, P, EV 77.5 MPH) (infield hit)
Dalton Winger to second
Batting: RHB Zyaire Semijenov 0-0: Swinging Strike
0-1: Ball
1-1: Ground out 4-3 (Groundball, 34D, EV 114.4 MPH)
Dalton Winger to third
Gene Grimes to second
Batting: SHB JaQawn Schiegl 0-0: Ball
1-0: Foul Ball, location: 2F
1-1: Ball
2-1: Foul Ball, location: 2F
2-2: Ground out 6-3 (Groundball, 6, EV 102.5 MPH)
Bottom of the 5th over - 2 runs, 3 hits, 0 errors, 2 left on base; Santo Domingo 1 - Hartford 2
TOP OF THE 6TH
Santo Domingo Rum Runners batting - Pitching for Hartford Whalers : LHP James Sisson
Batting: RHB Payton Weinberg 0-0: Ground out 5-3 (Groundball, 56S, EV 81.9 MPH)
Batting: RHB Devain Ecevit 0-0: SINGLE (Groundball, 6M, EV 98.8 MPH) (infield hit)
Batting: RHB Tommie Adamson 0-0: Swinging Strike
0-1: Ball
1-1: Ball
2-1: Called Strike
2-2: Foul Ball, location: 2F
2-2: Ball
3-2: Foul Ball, location: 2F
3-2: Strikes out swinging
Devain Ecevit is caught stealing 2nd base 2-4
Batter strikes out.
Top of the 6th over - 0 runs, 1 hit, 0 errors, 0 left on base; Santo Domingo 1 - Hartford 2
BOTTOM OF THE 6TH
Hartford Whalers batting - Pitching for Santo Domingo Rum Runners : RHP Marc Carlson
Batting: LHB Ian Schreiber 0-0: Called Strike
0-1: Ball
1-1: Swinging Strike
1-2: Ball
2-2: Strikes out swinging
Batting: LHB Amric Robinson 0-0: Swinging Strike
0-1: Swinging Strike
0-2: Strikes out swinging
Batting: RHB Wyatt McKenney 0-0: Ball
1-0: Called Strike
1-1: Foul Ball, location: 2F
1-2: Foul Ball, location: 2F
1-2: Ball
2-2: SINGLE (Flyball, 89S, EV 90.0 MPH) - OUT at second base trying to stretch hit.
Bottom of the 6th over - 0 runs, 1 hit, 0 errors, 0 left on base; Santo Domingo 1 - Hartford 2
TOP OF THE 7TH
Santo Domingo Rum Runners batting - Pitching for Hartford Whalers : LHP James Sisson
Batting: LHB Ronald Anderson 0-0: Fly out, F7 (Flyball, 78M, EV 87.5 MPH)
Batting: LHB Larry Collier 0-0: Ball
1-0: Foul Ball, location: 2F
1-1: Fly out, F9 (Flyball, 9S, EV 82.5 MPH)
Batting: LHB Kolby Carter 0-0: Called Strike
0-1: Fly out, F7 (Flyball, 78S, EV 84.4 MPH)
Top of the 7th over - 0 runs, 0 hits, 0 errors, 0 left on base; Santo Domingo 1 - Hartford 2
BOTTOM OF THE 7TH
Hartford Whalers batting - Pitching for Santo Domingo Rum Runners : RHP Marc Carlson
Batting: LHB Houston Yap 0-0: Ball
1-0: Ball
2-0: Foul Ball, location: 2F
2-1: Ball
3-1: Fly out, F7 (Flyball, 7LM, EV 93.1 MPH)
Batting: RHB Reilly Wren 0-0: Called Strike
0-1: Ball
1-1: Called Strike
1-2: Ball
2-2: Foul Ball, location: 2F
2-2: DOUBLE (Flyball, 8LXD, EV 96.9 MPH)
Pitching: RHP Jesse Bednarz
Batting: LHB Dalton Winger 0-0: Fly out, F9 (Flyball, 9S, EV 86.2 MPH)
Batting: LHB Gene Grimes 0-0: Intentional Walk
Batting: RHB Zyaire Semijenov 0-0: Ball
1-0: Ball
2-0: Ball
3-0: Called Strike
3-1: Base on Balls
Reilly Wren to third
Gene Grimes to second
Batting: SHB JaQawn Schiegl 0-0: Foul Ball, location: 2F
0-1: Ball
1-1: Ball
Wild Pitch!
Reilly Wren scores
Gene Grimes to third
Zyaire Semijenov to second
2-1: Ball
3-1: Called Strike
3-2: Fly out, F8 (Line Drive, 8LS, EV 96.2 MPH)
Bottom of the 7th over - 1 run, 1 hit, 0 errors, 2 left on base; Santo Domingo 1 - Hartford 3
TOP OF THE 8TH
Santo Domingo Rum Runners batting - Pitching for Hartford Whalers : LHP James Sisson
Batting: RHB Brian Lemon 0-0: Ball
1-0: Called Strike
1-1: Called Strike
1-2: Foul Ball, location: 2F
1-2: Strikes out swinging
Pinch Hitting: RHB Braedon Pashikian 0-0: Called Strike
0-1: Ball
1-1: Ground out 6-3 (Groundball, 6M, EV 84.4 MPH)
Batting: RHB Andy Wood 0-0: Swinging Strike
0-1: Ball
1-1: Called Strike
1-2: Ball
2-2: Ground out U3 (Groundball, 13, EV 90.0 MPH)
Top of the 8th over - 0 runs, 0 hits, 0 errors, 0 left on base; Santo Domingo 1 - Hartford 3
BOTTOM OF THE 8TH
Hartford Whalers batting - Pitching for Santo Domingo Rum Runners : RHP Jesse Bednarz
Now at 2B: Braedon Pashikian
Batting: LHB Ian Schreiber 0-0: Called Strike
0-1: Fly out, F7 (Flyball, 7, EV 78.1 MPH)
Batting: LHB Amric Robinson 0-0: Ball
1-0: Called Strike
1-1: Called Strike
1-2: Ball
2-2: Ball
3-2: Foul Ball, location: 2F
3-2: Foul Ball, location: 2F
3-2: Base on Balls
Pitching: RHP Jaeden Winstead
Batting: RHB Wyatt McKenney 0-0: Swinging Strike
0-1: 2-RUN HOME RUN (Flyball, 9LD, EV 94.4 MPH), Distance : 338 ft
Batting: LHB Houston Yap 0-0: Ball
1-0: Ball
2-0: Foul Ball, location: 2F
2-1: Swinging Strike
2-2: Strikes out swinging
Batting: RHB Reilly Wren 0-0: Ball
1-0: Called Strike
1-1: SINGLE (Groundball, 4D, EV 96.2 MPH)
Batting: LHB Dalton Winger 0-0: Ball
1-0: Foul Ball, location: 2F
1-1: Foul Ball, location: 2F
1-2: Strikes out swinging
Bottom of the 8th over - 2 runs, 2 hits, 0 errors, 1 left on base; Santo Domingo 1 - Hartford 5
TOP OF THE 9TH
Santo Domingo Rum Runners batting - Pitching for Hartford Whalers : LHP James Sisson
Now at 2B: Reilly Wren
Now at 3B: Seth Floyd
Batting: RHB Payton Weinberg 0-0: Ball
1-0: Foul Ball, location: 2F
1-1: Swinging Strike
1-2: Ball
2-2: Strikes out looking
Batting: RHB Devain Ecevit 0-0: SINGLE (Line Drive, 9LM, EV 96.2 MPH)
Pitching: LHP Nathan Dorsey
Batting: RHB Tommie Adamson 0-0: Called Strike
0-1: Ball
1-1: SINGLE (Line Drive, 6MD, EV 108.1 MPH)
Devain Ecevit to second
Pitching: RHP Jamal Brown
Batting: LHB Ronald Anderson 0-0: Called Strike
0-1: Swinging Strike
0-2: Ball
1-2: Strikes out swinging
Batting: LHB Larry Collier 0-0: Ball
1-0: Foul Ball, location: 2F
1-1: Called Strike
1-2: Fielders Choice at 2nd, 6-4 (Groundball, 6, EV 87.5 MPH)
Top of the 9th over - 0 runs, 2 hits, 0 errors, 2 left on base; Santo Domingo 1 - Hartford 5
Monday, April 29th , 2024 - OOTP Baseball 23.10 Build 110